 Dungeon Crawl Stone Soup version 0.29-a0-270-g1586fc07ea (webtiles) character file.

Game seed: 6067626547231648295

16361 croobank the Basher (level 12, -5/110 HPs)
             Began as a Minotaur Berserker on Mar 8, 2022.
             Was a High Priest of Trog.
             Slain by an eight-headed hydra (7 damage)
             ... on level 4 of the Lair of Beasts.
             The game lasted 00:48:14 (14377 turns).

croobank the Basher (Minotaur Berserker)           Turns: 14377, Time: 00:48:14

Health: -5/110     AC: 15    Str: 34    XL:     12   Next: 9%
Magic:  11/11      EV: 16    Int:  4    God:    Trog [*****.]
Gold:   611        SH:  0    Dex:  9    Spells: 11/11 levels left

rFire   . . .      SeeInvis .   a - +5 great mace (vorpal)
rCold   . . .      Faith    +   (shield currently unavailable)
rNeg    . . .      Spirit   .   f - +0 chain mail
rPois   .          Reflect  .   (helmet restricted)
rElec   .          Harm     .   d - +0 cloak
rCorr   .          Rampage  .   I - +0 pair of gloves
Will    ++...                   (no boots)
Stlth   ..........              y - amulet of faith
HPRegen 1.28/turn               u - +6 ring of strength
MPRegen 0.12/turn               P - +4 ring of evasion

@: about to teleport, strong-willed, regenerating, slowed, very slow
A: horns 2, retaliatory headbutt
a: Renounce Religion, Berserk, Trog's Hand, Brothers in Arms


You were on level 4 of the Lair of Beasts.
You worshipped Trog.
Trog was extremely pleased with you.
You visited 2 branches of the dungeon, and saw 13 of its levels.

You collected 779 gold pieces.
You spent 168 gold pieces at shops.

Inventory:

Hand Weapons
 a - a +5 vorpal great mace (weapon)
 b - a +0 hunting sling
 e - a +4 quarterstaff of chaos
 h - a +0 falchion of draining
 p - a +0 hand axe
 t - a +3 dagger
 z - a +0 dire flail of freezing
 F - a +1 scimitar of flaming
 G - a +3 shortbow
Missiles
 q - 9 boomerangs (quivered)
 N - 4 javelins
Armour
 c - a +0 plate armour
 d - a +0 cloak (worn)
 f - a +0 chain mail (worn)
 g - a +0 ring mail
 I - a +0 pair of gloves (worn)
Jewellery
 j - a ring of poison resistance
 l - a ring of resist corrosion
 u - a +6 ring of strength (left hand)
 y - an amulet of faith (around neck)
 O - a +6 ring of strength
 P - a +4 ring of evasion (right hand)
Wands
 v - a wand of flame (32)
 B - a wand of digging (8)
 K - a wand of polymorph (4)
Scrolls
 i - 2 scrolls of silence
 m - 6 scrolls of teleportation
 n - 3 scrolls of immolation
 r - 4 scrolls of magic mapping
 x - 2 scrolls of vulnerability {unknown}
 C - 2 scrolls of summoning
 D - 2 scrolls of enchant weapon {unknown}
 E - a scroll of enchant armour {unknown}
 J - 2 scrolls of fear
 L - a scroll of holy word {unknown}
Potions
 o - 2 potions of cancellation
 w - a potion of mutation {unknown}
 A - 2 potions of curing {unknown}
 H - 2 potions of lignification {unknown}
Miscellaneous
 Q - a phantom mirror


   Skills:
 - Level 11.6 Fighting
 - Level 5.8(10.4) Axes
 + Level 13.3(13.8) Maces & Flails
 - Level 11.3 Armour
 - Level 10.4 Dodging


You had 11 spell levels left.
You didn't know any spells.
Your spell library was empty.

Dungeon Overview and Level Annotations

Branches:
Dungeon (9/15)             Temple (0/1) D:7            Lair (4/6) D:8
  Swamp (0/4) Lair:3
  Snake: Lair:2-4    Spider: Lair:2-4       Orc: D:9-12

Altars:
Ashenzari
Cheibriados
Dithmenos
Elyvilon
Gozag
Kikubaaqudgha
Qazlal
Wu Jian
Yredelemnul

Shops:
D:1 !   D:5 *   D:6 (   D:8 [   D:9 =

Annotations:
D:4 2 transporters, sokol815's ghost, amateur OpTm
D:6 1 runed translucent door, ZeroWinrate's ghost, novice GnWn
D:7 2 transporters, sammy202020's ghost, novice GrBe
Lair:2 1 runed translucent door, siradein's ghost, journeyman TrNe


Innate Abilities, Weirdness & Mutations

You have a pair of horns on your head.
You reflexively headbutt those who attack you in melee.


Message History

The eight-headed hydra completely misses you.
The eight-headed hydra barely misses you.
The basilisk bites you!
You turn to flesh and can move again.
The eight-headed hydra attacks as you move away!
The eight-headed hydra bites you but does no damage. x4
The eight-headed hydra bites you!
The eight-headed hydra barely misses you.
The eight-headed hydra bites you!
The eight-headed hydra bites you but does no damage.
As you read the scroll of teleportation, it crumbles to dust.
You feel strangely unstable.
Your troll bites the basilisk!
Your troll closely misses the basilisk.
Your troll barely misses the basilisk.
You barely miss the eight-headed hydra.
Your headbutt misses the eight-headed hydra.
The eight-headed hydra misses you. x2
The eight-headed hydra completely misses you.
The eight-headed hydra bites you but does no damage.
The eight-headed hydra bites you!
* * * LOW HITPOINT WARNING * * *
The eight-headed hydra misses you. x2; The eight-headed hydra bites you.
* * * LOW HITPOINT WARNING * * *
Being near the torpor snail leaves you feeling lethargic.
The basilisk bites you!
* * * LOW HITPOINT WARNING * * *
Okay, then.
Okay, then.
Okay, then.
Your skin crawls.
You feel strong-willed.
The eight-headed hydra barely misses you.
You furiously retaliate!
You headbutt the eight-headed hydra!
The eight-headed hydra closely misses you.
The eight-headed hydra bites you.
* * * LOW HITPOINT WARNING * * *
The eight-headed hydra bites you but does no damage.
The eight-headed hydra bites you!
* * * LOW HITPOINT WARNING * * *
The eight-headed hydra bites you!
You die...

.. ##. ## ... ..# ..#
.... #.# ....#
#.###...P.P##...#..
##..l([..........#P.
#..@DT.P........#...
#...#.....w......P..
#...##..........P.P..
#### .......#........
#.P....#.......#
......<#<...w.w)
P..###.###..P..
......>#<.......
.......#..=.....


You could see an eight-headed hydra (ally target), a torpor snail, a basilisk
and a friendly troll (summoned, berserk, slow).

Vanquished Creatures
  A hydra (Lair:3)
  Erica (D:9)
  3 death yaks (D:8)
  Urug (Lair:1)
  An oklob plant (Lair:3)
  4 cane toads
  2 komodo dragons
  A hornet (D:7)
  8 blink frogs
  19 yaks
  2 wyverns
  2 basilisks (Lair:3)
  3 vampire mosquitoes (D:9)
  6 water moccasins
  An ice beast (D:6)
  An orc warrior (D:5)
  2 black bears
  2 sky beasts
  16 wolves
  3 centaurs
  4 phantoms
  2 kobold brigands
  8 bullfrogs
  2 scorpions
  4 necrophages
  A gnoll sergeant (D:9)
  2 jellies (D:6)
  5 howler monkeys
  3 gnoll shamans
  7 orc priests
  Crazy Yiuf (D:2)
  A hound (D:5)
  4 iguanas
  2 hell rats (D:8)
  3 orc wizards
  18 gnolls
  7 adders
  2 river rats (D:8)
  A shadow imp (D:6)
  A white imp (D:7)
  2 worms
  15 orcs
  5 bats
  5 endoplasms
  3 giant cockroaches
  9 hobgoblins
  3 jackals (D:3)
  8 kobolds
  2 quokkas
  7 ball pythons
  A frilled lizard (D:2)
  8 goblins
  4 rats
  A spectral orc (D:7)
230 creatures vanquished.

Vanquished Creatures (collateral kills)
  A burning bush (Lair:4)
1 creature vanquished.

Vanquished Creatures (others)
  5 fungi
  7 plants
12 creatures vanquished.

Grand Total: 243 creatures vanquished

Notes
Turn   | Place    | Note
-------+----------+-------------------------------------------
     0 | D:1      | croobank the Minotaur Berserker began the quest for the
                  | Orb.
     0 | D:1      | Reached XP level 1. HP: 19/19 MP: 0/0
   288 | D:1      | Found Cibaolle's Distillery.
   305 | D:1      | Reached XP level 2. HP: 19/27 MP: 1/1
  1019 | D:2      | Reached XP level 3. HP: 31/33 MP: 2/2
  1658 | D:2      | Found a faded altar of an unknown god.
  1727 | D:2      | Found a runed translucent door.
  1728 | D:2      | Noticed Crazy Yiuf
  1737 | D:2      | Killed Crazy Yiuf
  1738 | D:2      | Reached XP level 4. HP: 38/41 MP: 3/3
  2441 | D:3      | Reached XP level 5. HP: 47/47 MP: 4/4
  2852 | D:4      | Reached ** piety under Trog
  3072 | D:4      | Noticed sokol815's ghost (amateur OpTm)
  3082 | D:4      | Found a transporter.
  3082 | D:4      | Found a transporter.
  3158 | D:4      | Noticed a wyvern
  3164 | D:4      | Killed a wyvern
  3165 | D:4      | Reached skill level 5 in Fighting
  3165 | D:4      | Reached skill level 5 in Axes
  3165 | D:4      | Reached XP level 6. HP: 22/56 MP: 5/5
  3475 | D:5      | Entered Level 5 of the Dungeon
  3567 | D:5      | Found a stormy altar of Qazlal.
  3567 | D:5      | Found a shadowy altar of Dithmenos.
  3578 | D:5      | Found a faded altar of an unknown god.
  3580 | D:5      | Found an opulent altar of Gozag.
  3582 | D:5      | Found a broken altar of Ashenzari.
  3869 | D:5      | Noticed an orc warrior
  3883 | D:5      | Killed an orc warrior
  3884 | D:5      | Reached skill level 5 in Armour
  3884 | D:5      | Reached XP level 7. HP: 62/62 MP: 6/6
  3923 | D:5      | Found Zeuduamu's Assorted Antiques.
  3926 | D:5      | Bought 3 scrolls of identify for 168 gold pieces
  4257 | D:5      | Reached skill level 1 in Maces & Flails
  4257 | D:5      | Reached skill level 5 in Dodging
  4428 | D:6      | Found Iguwaarph's Antique Weapon Emporium.
  4558 | D:6      | Reached skill level 2 in Maces & Flails
  4703 | D:6      | Reached XP level 8. HP: 67/71 MP: 7/7
  4789 | D:6      | Found an ancient bone altar of Kikubaaqudgha.
  4789 | D:6      | Found a runed translucent door.
  4799 | D:6      | Noticed ZeroWinrate's ghost (novice GnWn)
  4799 | D:6      | Noticed a cyclops
  4841 | D:6      | Reached skill level 3 in Maces & Flails
  5010 | D:6      | Reached *** piety under Trog
  5200 | D:6      | Reached skill level 4 in Maces & Flails
  5965 | D:7      | Noticed a hornet
  5973 | D:7      | Killed a hornet
  5974 | D:7      | Reached skill level 5 in Maces & Flails
  5974 | D:7      | Reached XP level 9. HP: 81/81 MP: 8/8
  5978 | D:7      | Found a transporter.
  6008 | D:7      | Noticed a manticore
  6012 | D:7      | Noticed sammy202020's ghost (novice GrBe)
  6014 | D:7      | Noticed a troll
  6043 | D:7      | Found a transporter.
  6195 | D:7      | Found a white marble altar of Elyvilon.
  6197 | D:7      | Found an ornate altar of the Wu Jian Council.
  6626 | D:7      | Found a staircase to the Ecumenical Temple.
  7046 | D:7      | Reached skill level 6 in Maces & Flails
  7398 | D:7      | Found a basalt altar of Yredelemnul.
  7798 | D:8      | Found a snail-covered altar of Cheibriados.
  7800 | D:8      | Found Cheibriados's Comfort Zone.
  7951 | D:8      | Noticed a death yak
  7951 | D:8      | Noticed a death yak
  7956 | D:8      | Noticed a death yak
  7963 | D:8      | Killed a death yak
  7964 | D:8      | Reached skill level 7 in Maces & Flails
  7970 | D:8      | Killed a death yak
  7971 | D:8      | Reached XP level 10. HP: 91/91 MP: 9/9
  7976 | D:8      | Found a staircase to the Lair.
  8357 | D:9      | Reached **** piety under Trog
  8609 | D:9      | Noticed Erica
  8625 | D:9      | Killed Erica
  8626 | D:9      | Reached skill level 10 in Fighting
  8626 | D:9      | Reached skill level 8 in Maces & Flails
  9275 | D:9      | Reached skill level 10 in Armour
  9616 | D:9      | Found Toizeoz's Jewellery Boutique.
  9933 | D:8      | Killed a death yak
  9938 | D:8      | Reached skill level 9 in Maces & Flails
  9945 | D:8      | Reached XP level 11. HP: 101/101 MP: 10/10
 10419 | Lair:1   | Entered Level 1 of the Lair of Beasts
 10562 | Lair:1   | Reached ***** piety under Trog
 10737 | Lair:1   | Reached skill level 10 in Dodging
 11599 | Lair:1   | Noticed Urug
 11615 | Lair:1   | Killed Urug
 11616 | Lair:1   | Reached skill level 10 in Maces & Flails
 12218 | Lair:2   | Found a runed translucent door.
 12439 | Lair:2   | Noticed siradein's ghost (journeyman TrNe)
 12713 | Lair:3   | Reached skill level 11 in Maces & Flails
 12954 | Lair:3   | You fall into a shaft and drop 1 floor!
 12954 | Lair:4   | Noticed an eight-headed hydra
 13165 | Lair:3   | Reached skill level 12 in Maces & Flails
 13266 | Lair:3   | Found a staircase to the Swamp.
 13598 | Lair:3   | Noticed an oklob plant
 13615 | Lair:3   | Killed an oklob plant
 13691 | Lair:3   | Reached XP level 12. HP: 110/110 MP: 11/11
 13706 | Lair:3   | Noticed an eight-headed hydra
 13720 | Lair:3   | Killed an eight-headed hydra
 13721 | Lair:3   | Reached skill level 13 in Maces & Flails
 14377 | Lair:4   | HP: 2/110 [eight-headed hydra (10)]
 14377 | Lair:4   | Slain by an eight-headed hydra

Illustrated notes

Levels and vault maps discovered:
D:1:      minmay_arrival_widening_spiral_wide, layout_basic, serial_shops,
          nicolae_shop_hallway_plus
D:2:      layout_loops_ring, dreamdust_ecumenical_altar_hidden_monk_grotto,
          grunt_decor_fettered, grunt_ministairs_3, uniq_crazy_yiuf_cottage
D:3:      layout_loops_ring
D:4:      layout_cave_pools, gammafunk_ghost_abyssal_escape,
          serial_column_ruins, column_ruins_corridor_corner,
          column_ruins_open_small, column_ruins_columns_dead_end,
          column_ruins_open_tiny, column_ruins_grid_3
D:5:      lemuel_ratsnest, layout_layer_cave,
          chequers_temple_overflow_minitemple, serial_shops,
          nicolae_shop_behind_doors
D:6:      layout_gridville, mainiacjoe_overflow_alcove_2,
          ebering_ghost_inner_flame, chequers_serial_rivers_micro_a,
          chequers_serial_rivers_micro_c, nicolae_inconvenience_store,
          kennysheep_small_square
D:7:      layout_loops_ring, chequers_temple_overflow_statue_of_worship,
          yredelemnul_forgotten_temple_becter,
          minmay_temple_entry_statues_pillars, nzn_ghost_randoct
D:8:      layout_loops_ring, dpeg_lair_monsters, grunt_decor_one_mirror,
          minmay_shop_chei
D:9:      layout_stronghold, serial_shops, nicolae_lakefront_shop, uniq_erica
Lair:1:   layout_layer_cave, grunt_megastairs_4, lemuel_fruit_fields, uniq_urug
Lair:2:   layout_misc_corridors, ebering_ghost_reflecting_pool,
          serial_bayou_shore_b
Lair:3:   layout_cave_pods, swamp_mist, minmay_lair_oklob_items
Lair:4:   layout_layer_cave, nicolae_spider_entry_non_spiders, st_stairs_11,
          evilmike_ambush [evilmike_ambush_outer_basic,
          evilmike_ambush_inner_cross], uniq_rupert

Skill      XL: |  1  2  3  4  5  6  7  8  9 10 11 12 |
---------------+-------------------------------------+-----
Fighting       | 4 5 6 7 9 10 11 | 11.6
Axes           | 4 5 |  5.8
Armour         | 3 4 5 6 7 9 10 11 | 11.3
Dodging        | 3 4 5 6 8 9 10 | 10.4
Maces & Flails | 2 5 7 9 12 13 | 13.3

Action                   |  1- 3 |  4- 6 |  7- 9 | 10-12 || total
-------------------------+-------+-------+-------+-------++-------
Melee: Hand axe          |    50 |       |       |       ||    50
       Headbutt          |     6 |     7 |    44 |    60 ||   117
       Punch             |     1 |       |       |       ||     1
       Unarmed           |     2 |       |       |       ||     2
       Quarterstaff      |       |    79 |    66 |       ||   145
       Dire flail        |       |       |   163 |   222 ||   385
       Great mace        |       |       |       |    70 ||    70
Throw: Boomerang         |       |    12 |     8 |       ||    20
Invok: Berserk           |       |       |     2 |       ||     2
       Trog's Hand       |       |       |     1 |     2 ||     3
       Brothers in Arms  |       |       |       |     1 ||     1
Evoke: Wand              |       |       |       |     2 ||     2
  Use: Potion            |     1 |     3 |     1 |     4 ||     9
       Scroll            |       |     5 |     4 |     9 ||    18
 Stab: Sleeping          |     1 |       |       |       ||     1
       Petrified         |       |       |       |     1 ||     1
Armor: Animal skin       |     9 |       |       |       ||     9
       Ring mail         |     3 |    38 |    49 |       ||    90
       Chain mail        |       |       |    85 |   115 ||   200
Dodge: Dodged            |    32 |    49 |   153 |   178 ||   412

Table legend: (Time is in decaauts)
 A = Elapsed time spent in this place.
 B = Non-inter-level travel time spent in this place.
 C = Inter-level travel time spent in this place.
 D = Time resting spent in this place.
 E = Time spent auto-exploring this place.
 F = Levels seen in this place.
 G = Mean time per level.
                   A        B        C        D        E       F      G
               +--------+--------+--------+--------+--------+-----+--------+
         Total |  14447 |  14065 |    382 |   2107 |   9886 |  13 | 1111.3 |
       Dungeon |  10495 |  10193 |    302 |   2103 |   6439 |   9 | 1166.1 |
          Lair |   3952 |   3873 |     79 |      3 |   3447 |   4 |  988.0 |
               +--------+--------+--------+--------+--------+-----+--------+

Top non-repeatable levels by time:
     D:9: 1918 daAuts
     D:6: 1788 daAuts
  Lair:3: 1703 daAuts
  Lair:1: 1577 daAuts
     D:7: 1370 daAuts
     D:2: 1013 daAuts
     D:5: 958 daAuts
     D:8: 949 daAuts
     D:1: 930 daAuts
     D:3: 928 daAuts
  Lair:2: 649 daAuts
     D:4: 637 daAuts
  Lair:4: 22 daAuts
